 Dungeon Crawl Stone Soup version 0.17.1-3-g152610e (webtiles) character file.

60785 inmateoo the Brawler (level 14, -6/137 HPs)
             Began as a Troll Summoner on Apr 24, 2016.
             Was a Priest of Cheibriados.
             Killed from afar by a blizzard demon (24 damage)
             ... with a bolt of lightning
             ... on level 3 of the Abyss.
             The game lasted 00:37:13 (15339 turns).

inmateoo the Brawler (Troll Summoner)              Turns: 15339, Time: 00:37:13

Health: -6/137     AC: 14    Str: 30    XL:     14   Next: 58%
Magic:  15/17      EV: 15    Int: 19    God:    Cheibriados [***...]
Gold:   1057       SH:  0    Dex: 20    Spells: 1 memorised, 14 levels left

rFire  + . .     SeeInvis .       - Unarmed
rCold  + . .     Clarity  .     L - +0 mottled dragon armour
rNeg   + . .     SustAt   .     w - +0 shield
rPois  .         Gourm    +     (helmet restricted)
rElec  .         Spirit   .     H - +0 cloak
rCorr  .         Warding  .     (gloves unavailable)
rMut   .         Stasis   .     (boots unavailable)
MR     +....                    (no amulet)
Stlth  +.........               C - ring "Jaacir" {rC+ Str+3}
                                v - ring of Yppum {+Inv rF+ rN+ Dex+4}

@: confused, very slow, somewhat resistant to hostile enchantments, very
unstealthy
A: unfitting armour, claws 3, yellow scales 1, clumsy 1, fast metabolism 3,
frail 1, gourmand, sense surroundings 1, regeneration 2, robust 1, screaming 1,
shaggy fur 1, spit poison 1, tough skin 2, weak 2
a: Spit Poison, Bend Time, Temporal Distortion, Renounce Religion, Evoke
Invisibility


You were on level 3 of the Abyss.
You worshipped Cheibriados.
Cheibriados was most pleased with you.
You were very full.

You visited 2 branches of the dungeon, and saw 15 of its levels.
You visited the Abyss 1 time.

You collected 1273 gold pieces.
You spent 216 gold pieces at shops.

Inventory:

Missiles
 K - 9 large rocks (quivered)
Armour
 w - a +0 shield (worn)
 H - a +0 cloak (worn)
 L - a +0 mottled dragon armour (worn)
Rods
 u - a +0 lightning rod (13/13)
   (You found it on level 9 of the Dungeon)
 E - a +2 rod of ignition (12/12)
   (You found it on level 8 of the Dungeon)
Jewellery
 o - an uncursed ring of protection from magic
 p - an uncursed ring of protection from cold
 v - the ring of Yppum (left claw) {+Inv rF+ rN+ Dex+4}
   (You found it on level 9 of the Dungeon)

   [ring of positive energy]

   It affects your dexterity (+4).
   It protects you from fire.
   It protects you from negative energy.
   It lets you turn invisible.
 C - the ring "Jaacir" (right claw) {rC+ Str+3}
   (You found it on level 8 of the Dungeon)

   [ring of protection from cold]

   It affects your strength (+3).
   It protects you from cold.
 N - an uncursed ring of ice {unknown}
 Q - an uncursed ring of ice {unknown}
Wands
 j - a wand of lightning (6)
 m - a wand of confusion (10)
 z - a wand of paralysis (12)
 D - a wand of teleportation (5)
 I - a wand of paralysis (11)
 J - a wand of fire (5)
Scrolls
 f - a scroll of fear
 g - 4 scrolls of magic mapping
 k - a scroll of teleportation
 r - 3 scrolls of remove curse
 s - a scroll of recharging
 y - 2 scrolls of enchant armour
 A - 5 scrolls of enchant weapon
Potions
 a - a potion of flight
 d - 5 potions of curing
 e - a potion of magic
 M - a potion of brilliance
 P - 2 potions of cancellation
 S - a potion of invisibility
Books
 b - a book of Callings

   Spells                             Type                      Level
   a - Summon Small Mammal            Summoning                    1
   b - Call Imp                       Summoning                    2
   c - Call Canine Familiar           Summoning                    3
   d - Summon Guardian Golem          Hexes/Summoning              3
   e - Summon Lightning Spire         Summoning/Air                4
   f - Summon Ice Beast               Ice/Summoning                4
 n - a book of Annihilations

   Spells                             Type                      Level
   a - Poison Arrow                   Conjuration/Poison           6
   b - Chain Lightning                Conjuration/Air              8
   c - Lehudib's Crystal Spear        Conjuration/Earth            8
   d - Glaciate                       Conjuration/Ice              9
   e - Fire Storm                     Conjuration/Fire             9
 x - a book of Fire

   Spells                             Type                      Level
   a - Ignite Poison                  Fire/Transmutation/Poison    3
   b - Fireball                       Conjuration/Fire             5
   c - Bolt of Fire                   Conjuration/Fire             6
   d - Delayed Fireball               Conjuration/Fire             7
   e - Ring of Flames                 Charms/Fire                  7
 B - a book of Envenomations

   Spells                             Type                      Level
   a - Spider Form                    Transmutation/Poison         3
   b - Alistair's Intoxication        Transmutation/Poison         4
   c - Olgreb's Toxic Radiance        Poison                       4
   d - Poisonous Cloud                Conjuration/Poison/Air       6
 G - a book of Hinderance

   Spells                             Type                      Level
   a - Confusing Touch                Hexes                        2
   b - Confuse                        Hexes                        3
   c - Gell's Gravitas                Hexes/Translocation          3
   d - Petrify                        Transmutation/Earth          4
   e - Metabolic Englaciation         Hexes/Ice                    5
Miscellaneous
 F - a phial of floods
 O - a sack of spiders {used: 3}
Comestibles
 c - 10 bread rations
 h - 4 slices of pizza
 i - 6 meat rations


   Skills:
 + Level 8.6 Fighting
 - Level 6.7 Armour
 + Level 8.4 Dodging
 - Level 1.1 Stealth
 - Level 6.8 Shields
 * Level 15.4 Unarmed Combat
 - Level 2.5 Spellcasting
   Level 2.9 Summonings
 - Level 6.2 Invocations
 - Level 4.5 Evocations


You had 14 spell levels left.
You knew the following spells:

 Your Spells              Type           Power        Failure   Level  Hunger
a - Petrify               Trmt/Erth      #.......     100%        4    #####..


Dungeon Overview and Level Annotations

Branches:
Dungeon (14/15)            Temple (1/1) D:4            Lair (0/8) D:10
    Orc (0/4) D:11
 Vaults: D:13-14

Altars:
Ashenzari
Cheibriados
Dithmenos
Elyvilon
Fedhas
Gozag
Okawaru
Qazlal
Ru
Sif Muna
Trog
Vehumet
Xom
Yredelemnul
The Shining One

Shops:
D:8 ?   D:14 !


Innate Abilities, Weirdness & Mutations

You are too large for most types of armour.
You have claws for hands.
Your metabolism is lightning-fast.
You like to eat raw meat.
You heal very quickly.
You are covered in fur (AC +1).
You have very tough skin (AC +2).
You are partially covered in yellow scales (AC +2).
You passively map a small area around you.
You are robust (+10% HP).
You can spit weak poison.
[You are clumsy. (Dex -2)]
[You are frail (-10% HP).]
[You occasionally shout uncontrollably at your foes.]
[You are very weak. (Str -4)]


Message History

Cheibriados reduces the support of your attributes as your movement quickens.
The blizzard demon completely misses you.
You block the blizzard demon's attack.
Unknown command.
Unknown command.
Drink which item? (? for menu, Esc to quit)
It was a potion of ambrosia.
You are confused.
You feel invigorated. The blizzard demon hits you!
* * * LOW HITPOINT WARNING * * *
The blizzard demon hits you.
* * * LOW HITPOINT WARNING * * *
You eviscerate the blizzard demon!!!
The blizzard demon is almost dead.
Unknown command.
You closely miss the blizzard demon.
The blizzard demon is almost dead.
The blizzard demon gestures at you. The bolt of lightning hits you!
You die...

## . .
# .#.
#.# #
# .# #
.. # .
.#.. .
#.#
### .
. ###
.#
#@#. #
#.2##
##.#
.##
#.. .
..# #
#. ..
# . .
.
.###..
. #


You could see a blizzard demon.

Vanquished Creatures
  A profane servitor (Abyss:3)
  2 tentacled starspawn (Abyss:1)
  A very ugly thing (Abyss:3)
  A lorocyproca (Abyss:3)
  Nessos (D:12)
  2 ettins (Abyss:3)
  A rakshasa (Abyss:3)
  2 hydras
  5 centaur warriors
  4 thrashing horrors
  Urug (D:14)
  2 wretched stars
  3 skeletal warriors (D:12)
  4 unseen horrors
  A giant orange brain (Abyss:1)
  A wizard (D:14)
  4 hill giants
  A griffon (D:14)
  3 cyclopes
  A salamander (Abyss:3)
  A sixfirhy (Abyss:1)
  13 ugly things
  A guardian serpent (Abyss:3)
  A centaur zombie (D:14)
  An orange demon (Abyss:1)
  2 kobold demonologists
  A tengu conjurer (D:13)
  A komodo dragon (D:14)
  2 hellwings (Abyss:1)
  2 efreet
  2 two-headed ogres
  4 ancient zymes (Abyss:3)
  8 slime creatures
  3 trolls
  3 deep elf magi
  4 shadows
  3 starcursed masses (Abyss:3)
  Sigmund (D:2)
  A wyvern (D:11)
  A wraith (D:12)
  14 humans
  2 neqoxecs
  5 large abominations
  4 hippogriffs
  A naga (Abyss:3)
  6 hungry ghosts
  11 yaks
  A vampire mosquito (D:11)
  2 mottled dragons (D:11)
  The ghost of inmateoo the Skirmisher, an amateur OgFE (D:5)
  A black bear (D:7)
  11 ogres
  3 orc warriors
  5 ice beasts
  2 eyes of draining
  2 necrophages (D:11)
  3 sky beasts
  5 phantoms
  3 crocodiles
  8 centaurs
  7 big kobolds
  7 giant frogs
  8 small abominations
  3 scorpions
  11 wights
  5 killer bees (D:14)
  6 crimson imps
  5 orc priests
  A wasp zombie (D:11)
  4 giant frog zombies
  3 quasits
  4 centaur skeletons
  8 jellies
  Ijyb (D:3)
  8 hounds
  9 iguanas
  5 giant frog skeletons
  Natasha (thrice) (D:4)
  12 worker ants
  9 orc wizards
  3 sheep (D:10)
  A hound zombie (D:5)
  Robin (D:2)
  13 gnolls
  14 adders
  A river rat (D:10)
  6 shadow imps
  3 oozes
  An ufetubus (Abyss:1)
  An adder skeleton (D:4)
  3 worms
  7 giant geckos
  31 orcs
  4 ball pythons
  10 giant cockroaches
  8 hobgoblins
  10 jackals
  5 quokkas
  14 bats
  5 giant newts
  15 goblins
  41 kobolds
  A quokka skeleton (D:9)
  A quokka zombie (D:7)
  8 rats
  A lurking horror (Abyss:1)
513 creatures vanquished.

Vanquished Creatures (others)
  2 fungi (D:10)
  3 plants
  7 starspawn tentacles (Abyss:1)
  106 starspawn tentacle segments (Abyss:1)
118 creatures vanquished.

Grand Total: 631 creatures vanquished

Notes
Turn   | Place    | Note
--------------------------------------------------------------
     0 | D:1      | inmateoo the Troll Summoner began the quest for the Orb.
     0 | D:1      | Reached XP level 1. HP: 16/16 MP: 1/1
   137 | D:1      | Reached skill level 1 in Unarmed Combat
   217 | D:1      | Reached XP level 2. HP: 24/24 MP: 2/2
   719 | D:2      | Reached XP level 3. HP: 9/31 MP: 3/3
   883 | D:2      | Reached skill level 3 in Unarmed Combat
  1144 | D:3      | Reached XP level 4. HP: 33/39 MP: 4/4
  1185 | D:3      | Noticed Ijyb
  1198 | D:3      | Killed Ijyb
  1198 | D:3      | Reached skill level 4 in Unarmed Combat
  1683 | D:2      | Reached XP level 5. HP: 32/45 MP: 5/5
  1823 | D:2      | Noticed Sigmund
  1825 | D:2      | Reached skill level 5 in Unarmed Combat
  2051 | D:2      | Killed Sigmund
  2051 | D:2      | Reached skill level 6 in Unarmed Combat
  2051 | D:2      | Reached XP level 6. HP: 42/53 MP: 6/6
  2213 | D:2      | Noticed Robin
  2232 | D:2      | Killed Robin
  2528 | D:4      | Noticed Natasha
  2538 | D:4      | Killed Natasha
  2629 | D:4      | Reached skill level 1 in Fighting
  2629 | D:4      | Reached skill level 7 in Unarmed Combat
  2706 | D:4      | Found a blossoming altar of Fedhas.
  2755 | D:4      | Found a shattered altar of Ashenzari.
  2765 | D:4      | Reached XP level 7. HP: 59/62 MP: 7/7
  3206 | D:4      | Found a staircase to the Ecumenical Temple.
  3215 | Temple   | Entered the Ecumenical Temple
  3230 | Temple   | Became a worshipper of Cheibriados the Contemplative
  3284 | D:4      | Noticed Natasha
  3287 | D:4      | Killed Natasha
  3408 | D:4      | Noticed Natasha
  3412 | D:4      | Killed Natasha
  3473 | D:4      | Reached skill level 8 in Unarmed Combat
  3595 | D:5      | Entered Level 5 of the Dungeon
  3599 | D:5      | Noticed inmateoo's ghost (amateur OgFE)
  4031 | D:5      | Reached * piety under Cheibriados
  4067 | D:5      | Killed inmateoo's ghost
  4067 | D:5      | Reached XP level 8. HP: 75/75 MP: 8/8
  4340 | D:6      | Found a deep blue altar of Sif Muna.
  4388 | D:6      | Found a shimmering altar of Xom.
  4469 | D:6      | Found a glowing golden altar of the Shining One.
  4472 | D:6      | Found a sacrificial altar of Ru.
  4479 | D:6      | Found a white marble altar of Elyvilon.
  5110 | D:7      | Reached ** piety under Cheibriados
  5118 | D:7      | Reached skill level 9 in Unarmed Combat
  5189 | D:7      | Reached skill level 1 in Armour
  5189 | D:7      | Reached skill level 1 in Shields
  5663 | D:7      | Found a shattered altar of Ashenzari.
  5758 | D:7      | Reached XP level 9. HP: 84/84 MP: 9/9
  6001 | D:8      | Got a faintly glowing granite ring
  6002 | D:8      | Identified the ring "Jaacir" {rC+ Str+3} (You found it on level 8 of the Dungeon)
  6077 | D:8      | Reached skill level 10 in Unarmed Combat
  6131 | D:8      | Reached *** piety under Cheibriados
  6243 | D:8      | Identified a +0 rod of ignition (11/11) (You found it on level 8 of the Dungeon)
  6351 | D:8      | Found Kenn's Magic Scroll Shop.
  6360 | D:8      | Bought a scroll of identify for 24 gold pieces
  6360 | D:8      | Bought a scroll of identify for 24 gold pieces
  6988 | D:9      | Got a faintly glowing bronze ring
  7064 | D:9      | Identified the ring of Yppum {+Inv rF+ rN+ Dex+4} (You found it on level 9 of the Dungeon)
  7089 | D:9      | Reached **** piety under Cheibriados
  7254 | D:9      | Noticed a centaur warrior
  7263 | D:9      | Killed a centaur warrior
  7263 | D:9      | Reached XP level 10. HP: 43/94 MP: 10/10
  7516 | D:9      | Reached skill level 11 in Unarmed Combat
  7521 | D:9      | Reached skill level 5 in Fighting
  7521 | D:9      | Reached skill level 1 in Invocations
  7958 | D:10     | Entered Level 10 of the Dungeon
  7982 | D:10     | Found a staircase to the Lair.
  8264 | D:10     | Killed an unseen horror
  8402 | D:10     | Reached skill level 5 in Dodging
  8770 | D:10     | Noticed a hill giant
  8780 | D:10     | Killed a hill giant
  8931 | D:10     | Noticed a hill giant
  8936 | D:10     | Reached XP level 11. HP: 101/104 MP: 11/11
  8938 | D:10     | Killed a hill giant
  9121 | D:11     | Found a staircase to the Orcish Mines.
  9144 | D:11     | Reached ***** piety under Cheibriados
  9516 | D:11     | Reached skill level 12 in Unarmed Combat
  9534 | D:11     | Reached skill level 1 in Evocations
 10064 | D:11     | Noticed a hill giant
 10068 | D:11     | Killed a hill giant
 10068 | D:11     | Reached skill level 5 in Armour
 10072 | D:11     | Killed an unseen horror
 10120 | D:11     | Noticed a centaur warrior
 10134 | D:11     | Killed a centaur warrior
 10134 | D:11     | Reached skill level 5 in Shields
 10138 | D:11     | Killed an unseen horror
 10260 | D:11     | Noticed a hill giant
 10263 | D:11     | Killed a hill giant
 10665 | D:11     | Reached XP level 12. HP: 100/114 MP: 12/14
 10754 | D:12     | Noticed a five-headed hydra
 10762 | D:12     | Killed a six-headed hydra
 10874 | D:12     | Noticed Nessos
 10896 | D:12     | Killed Nessos
 11181 | D:12     | Learned a level 4 spell: Petrify
 11219 | D:12     | Reached ****** piety under Cheibriados
 11233 | D:12     | Gained mutation: You are surrounded by a mild repulsion field (EV +2). [mutagenic meat]
 11234 | D:12     | Lost mutation: You are surrounded by a mild repulsion field (EV +2). [mutagenic meat]
 11235 | D:12     | Gained mutation: You are partially covered in yellow scales (AC +2). [mutagenic meat]
 11273 | D:12     | Reached skill level 13 in Unarmed Combat
 11983 | D:13     | Reached skill level 5 in Invocations
 12158 | D:13     | Noticed a centaur warrior
 12166 | D:13     | Killed a centaur warrior
 12392 | D:13     | Got a fine robe
 12394 | D:13     | Identified the cursed +0 robe of the Cooper {MR+} (You found it on level 13 of the Dungeon)
 12425 | D:13     | Reached XP level 13. HP: 119/124 MP: 15/15
 12599 | D:14     | Found Diywn's Distillery.
 12618 | D:14     | Bought a potion of heal wounds for 60 gold pieces
 12618 | D:14     | Bought a potion of invisibility for 96 gold pieces
 12618 | D:14     | Bought a potion of degeneration for 12 gold pieces
 12796 | D:14     | Gained mutation: Your body sometimes deteriorates upon taking damage. [mutagenic meat]
 12797 | D:14     | Gained mutation: You are agile. (Dex +2) [mutagenic meat]
 12798 | D:14     | Gained mutation: You passively map a small area around you. [mutagenic meat]
 12799 | D:14     | Gained mutation: You can spit weak poison. [mutagenic meat]
 12800 | D:14     | Gained mutation: You tend to lose your temper in combat. [mutagenic meat]
 13049 | D:14     | Noticed Urug
 13068 | D:14     | Killed Urug
 13076 | D:14     | Paralysed by a human for 7 turns
 13090 | D:13     | HP: 5/124 [wizard/crystal spear (49)]
 13343 | D:14     | Cast into the Abyss (a wizard)
 13476 | Abyss:1  | Reached skill level 14 in Unarmed Combat
 13512 | Abyss:1  | Gained mutation: Your magical capacity is low (-10% MP). [a neqoxec]
 13570 | Abyss:1  | Lost mutation: Your magical capacity is low (-10% MP). [potion of cure mutation]
 13570 | Abyss:1  | Lost mutation: Your body sometimes deteriorates upon taking damage. [potion of cure mutation]
 13570 | Abyss:1  | Lost mutation: You are agile. (Dex +2) [potion of cure mutation]
 13570 | Abyss:1  | Lost mutation: You tend to lose your temper in combat. [potion of cure mutation]
 13624 | Abyss:1  | Noticed a tentacled starspawn
 13633 | Abyss:1  | Noticed a tentacled starspawn
 13638 | Abyss:1  | Killed a tentacled starspawn
 13647 | Abyss:1  | Killed a tentacled starspawn
 13725 | Abyss:1  | Noticed a bone dragon
 13885 | Abyss:3  | Noticed a red very ugly thing
 13911 | Abyss:3  | Killed a purple very ugly thing
 13917 | Abyss:3  | Reached XP level 14. HP: 119/135 MP: 17/17
 13927 | Abyss:3  | Gained mutation: You are robust (+10% HP). [mutagenic meat]
 14118 | Abyss:3  | Noticed an Executioner
 14333 | Abyss:3  | Found a corrupted altar of Lugonu.
 14457 | Abyss:3  | Noticed a purple draconian shifter
 14676 | Abyss:3  | Reached skill level 15 in Unarmed Combat
 14735 | Abyss:3  | Paralysed by accursed screaming for 2 turns
 14739 | Abyss:3  | Found a corrupted altar of Lugonu.
 14828 | Abyss:3  | Noticed a profane servitor
 14857 | Abyss:3  | Killed a profane servitor
 14999 | Abyss:3  | Noticed a lich
 15002 | Abyss:3  | Noticed an Executioner
 15339 | Abyss:3  | Killed from afar by a blizzard demon

Action                   |  1- 3 |  4- 6 |  7- 9 | 10-12 | 13-15 || total
-------------------------+-------+-------+-------+-------+-------++-------
Melee: Unarmed           |    95 |   188 |   309 |   595 |   436 ||  1623
Invok: Slouch            |       |       |       |     4 |    11 ||    15
       Temporal Distorti |       |       |       |       |     8 ||     8
Evoke: Rod               |       |       |       |    12 |     3 ||    15
       Phial of floods   |       |       |       |     1 |       ||     1
       Wand              |       |       |       |     2 |     2 ||     4
       Sack of spiders   |       |       |       |       |     5 ||     5
  Use: Scroll            |       |     7 |    11 |    12 |     9 ||    39
       Potion            |       |       |     1 |       |     5 ||     6
 Stab: Sleeping          |     4 |     1 |     5 |     4 |     2 ||    16
       Distracted        |       |       |       |     4 |     1 ||     5
       Confused          |       |       |       |     2 |       ||     2
       Paralysed         |       |       |       |       |     1 ||     1
  Eat: Chunk             |    15 |    14 |    34 |    40 |    17 ||   120
       Beef jerky        |       |       |       |       |     4 ||     4
       Pizza             |       |       |       |       |     4 ||     4
       Fruit             |       |       |       |       |     2 ||     2
       Meat ration       |       |       |       |       |     2 ||     2
